AoeStats
← tony le gros rou

Oasis

507578738Analyzed
4v4 RM · 12d ago on Sep 18, 2026· 31m 46s· 8 players
Game mode
Random Map
Map size
Large (8 player)
Population
200
Speed
Normal
Resources
Standard
Victory
Conquest
Starting age
Dark Age
Ending age
Imperial Age
RankedLock teamsTeams togetherTeam positionsShared explorationLock speedFull tech treeHidden civsTurbo modeCheats
Victory
Defeat
🇫🇷 Vietnamese · France
1742
+8
🇫🇷 Bengalis · France
1715
+9
🇫🇷 Persians · France
1616
+13
🇳🇱 Britons · Netherlands
1477
+18
🇫🇷 Armenians · France
1621
-15
🇫🇷 Britons · France
1565
-13
🇫🇷 Hindustanis · France
1508
-10
🇩🇪 Franks · Germany
1498
-10
tony le gros rou
6:02 Loom
8:54 Feudal Age
22:06 Castle Age
22:17 Double-Bit Axe
24:43 Bloodlines
28:11 Scale Mail Armor
28:21 Forging
28:01 Arson
28:18 Squires
28:03 Arson
28:47 Horse Collar
29:50 Chain Mail Armor
31:23 Iron Casting
ccereal
6:32 Loom
8:55 Feudal Age
9:22 Double-Bit Axe
12:22 Fletching
13:22 Padded Archer Armor
20:39 Castle Age
19:44 Horse Collar
19:54 Gold Mining
20:40 Crossbowman
21:16 Bodkin Arrow
22:51 Ballistics
24:02 Leather Archer Armor
29:39 Bow Saw
Frorok
5:50 Loom
6:17 Loom
8:45 Feudal Age
11:02 Double-Bit Axe
13:20 Fletching
15:06 Padded Archer Armor
16:44 Horse Collar
18:58 Wheelbarrow
22:49 Castle Age
21:44 Gold Mining
23:33 Bodkin Arrow
23:03 Crossbowman
24:24 Bow Saw
25:42 Leather Archer Armor
27:19 Ballistics
28:27 Gold Shaft Mining
27:41 Town Watch
p0n0n0
6:48 Loom
9:05 Feudal Age
10:10 Double-Bit Axe
15:45 Wheelbarrow
16:21 Scale Barding Armor
16:55 Forging
24:22 Castle Age
23:37 Gold Mining
24:26 Light Cavalry
25:31 Chain Barding Armor
27:16 Iron Casting
30:20 Bow Saw
guarnere44
6:09 Loom
10:02 Feudal Age
11:32 Double-Bit Axe
13:50 Fletching
16:13 Padded Archer Armor
22:48 Castle Age
22:31 Gold Mining
22:49 Crossbowman
23:26 Bodkin Arrow
24:33 Bow Saw
27:54 Horse Collar
31:18 Ballistics
Beauvéro
6:13 Loom
8:27 Feudal Age
13:23 Fletching
19:02 Double-Bit Axe
19:36 Padded Archer Armor
21:41 Wheelbarrow
25:02 Castle Age
23:32 Gold Mining
25:05 Crossbowman
25:42 Bodkin Arrow
27:27 Bow Saw
29:47 Horse Collar
guimbo
10:49 Feudal Age
14:45 Castle Age
12:51 Double-Bit Axe
13:12 Horse Collar
15:42 Bow Saw
21:07 Wheelbarrow
20:55 Heavy Plow
21:45 Gold Mining
23:19 Hand Cart
23:10 Stone Mining
23:44 Loom
24:05 Town Watch
24:34 Fletching
29:26 Imperial Age
27:15 Bodkin Arrow
27:20 Padded Archer Armor
28:02 Gold Shaft Mining
27:51 Ballistics
29:25 Bloodlines
29:15 Husbandry
29:30 Elite Elephant Archer
30:14 Bracer
31:33 Chemistry
31:07 Conscription
32:40 Leather Archer Armor
Sac a dos
6:17 Loom
8:40 Feudal Age
9:11 Double-Bit Axe
15:39 Forging
20:14 Scale Barding Armor
23:24 Castle Age
21:24 Horse Collar
22:17 Bloodlines
22:15 Gold Mining
23:01 Scale Barding Armor
23:12 Light Cavalry
24:34 Chain Barding Armor
26:49 Wheelbarrow
28:14 Bow Saw
28:53 Hand Cart
28:52 Heavy Plow
30:17 Husbandry
Connection lost

Rejoining the realm…

Still unreachable

The connection could not be restored.

Session expired

The server has moved on; the page needs a fresh start.